Map: Dusk Towers

Players

lesha - Winner!

  • Race: Terran Terran
  • League: Gold

bibo

  • Race: Zerg Zerg
  • League: Gold

VOD

Have the link to the VOD?

Description

Time

  • Played on: Jan. 12, 2016, 10:51 a.m.
  • Length: 13:33
Show
View Real Time Build Order
Export as new Build Order

lesha Terran - Winner!

Build Orders: Reaper Expand, MMM Bio 

Get SALT Encoding   

  12  0:04  SCV  
  13  0:16  SCV  
  13  0:21  Supply Depot  
  14  0:29  SCV  
  16  0:42  SCV  
  16  0:44  Barracks  
  16  0:48  Refinery  
  16  0:55  SCV  
  17  1:07  SCV  
  18  1:19  SCV  
  19  1:32  Reaper  
  20  1:34  Orbital Command  
  20  1:45  Command Center  
  20  1:55  Supply Depot  
  20  2:03  SCV, Barracks  
  21  2:12  Barracks Reactor  
  21  2:15  SCV  
  21  2:22  Refinery  
  22  2:27  SCV  
  23  2:30  Factory  
  23  2:40  SCV  
  24  2:52  SCV  
  25  2:59  Marine x2  
  25  3:00  Barracks Tech Lab  
  25  3:04  SCV  
  27  3:11  Barracks  
  27  3:15  Orbital Command  
  27  3:16  SCV  
  27  3:19  Marine x2  
  32  3:20  Marauder  
  32  3:21  Factory Tech Lab  
  32  3:35  SCV, Starport  
  33  3:44  Engineering Bay  
  33  3:45  SCV  
  33  3:47  SCV  
  35  3:53  Marine x2  
  39  3:56  Marauder  
  39  3:57  SCV  
  39  4:00  Siege Tank  
  43  4:10  Stimpack  
  43  4:14  Starport Reactor  
  43  4:15  SCV x2  
  45  4:20  Refinery  
  45  4:21  Refinery  
  45  4:27  SCV  
  45  4:30  Supply Depot  
  46  4:34  Barracks Reactor  
  46  4:51  Marine x2  
  46  4:52  SCV x2  
  50  4:53  Supply Depot  
  50  4:57  Marine  
  50  4:58  Supply Depot, Medivac  
  53  5:04  Terran Infantry Weapons Level 1, SCV  
  54  5:10  Medivac, Marine  
  54  5:11  SCV, Marine x2  
  54  5:12  Marine  
  61  5:20  Marauder  
  63  5:33  Marine  
  63  5:34  Marine x3  
  67  5:46  Command Center  
  67  5:47  SCV x2  
  67  5:48  Barracks  
  67  5:49  Marauder  
  71  5:50  Medivac  
  73  5:59  SCV  
  73  6:03  SCV  
  75  6:11  Combat Shields, SCV  
  74  6:15  SCV  
  69  6:31  SCV  
  69  6:32  SCV, Marine x5  
  74  6:36  Medivac  
  78  6:47  Supply Depot  
  78  6:50  Supply Depot  
  78  6:57  Siege Tank, Medivac  
  80  7:05  Marine  
  80  7:06  Marine x4  
  71  7:22  Marine  
  71  7:23  Marine  
  71  7:29  Marine x2  
  75  7:34  Barracks Tech Lab  
  75  7:39  Marine  
  75  7:40  Siege Tank, Marine  
  75  7:41  Medivac x2  
  84  7:54  Liberator x2  
  84  8:06  Command Center  
  83  8:33  Marine x5  
  82  8:34  Marauder  
  82  8:36  Siege Tank  
  82  8:39  Liberator  
  82  8:40  Liberator  
  81  8:52  Marauder  
  81  8:53  Marine x4  
  87  8:56  Marauder  
  95  9:11  Marine  
  95  9:13  SCV x2, Marauder  
  95  9:15  Orbital Command  
  100  9:25  SCV x2  
  100  9:26  Terran Infantry Armor Level 1  
  100  9:27  Barracks  
  100  9:28  Barracks  
  100  9:31  Barracks, Marine  
  102  9:32  Engineering Bay, Barracks, Marine x4  
  102  9:33  Armory  
  102  9:34  Marauder  
  109  9:40  SCV x2  
  111  9:47  Refinery  
  111  9:49  Concussive Shells  
  111  9:50  Marauder  
  111  9:52  SCV x2  
  115  9:56  Marine x4  
  115  9:59  Siege Tank  
  122  10:01  Marauder  
  124  10:08  Supply Depot  
  124  10:12  Supply Depot  
  124  10:16  Supply Depot  
  124  10:20  Orbital Command  
  124  10:26  Barracks Tech Lab  
  124  10:27  Barracks Tech Lab  
  124  10:29  Barracks Tech Lab, Marine  
  124  10:30  SCV x3, Marauder  
  130  10:37  Marine x3  
  130  10:38  Marauder  
  130  10:40  Medivac  
  130  10:42  SCV x3  
  140  10:47  Barracks Tech Lab  
  144  10:50  Marauder x3  
  144  10:51  Marauder  
  148  11:03  SCV  
  148  11:04  Marauder  
  151  11:08  Supply Depot x2  
  151  11:09  Marine, Marauder  
  151  11:10  Marine  
  159  11:11  Marauder x3  
  159  11:16  Supply Depot  
  161  11:21  Medivac  
  163  11:29  Marauder  
  163  11:30  Marauder x2  
  171  11:32  Marauder, Marine  
  171  11:33  Marine  
  171  11:34  Marine  
  171  11:35  Marine  
  171  11:36  SCV  
  171  11:37  SCV  
  177  11:43  Supply Depot  
  177  12:11  Marauder  
  177  12:12  Marauder x5  
  189  12:20  SCV x4  
  193  12:33  Marauder  
  193  12:36  Starport Tech Lab  
  190  12:40  Marine x4  
  190  12:41  Marauder x3  
Show
View Real Time Build Order
Export as new Build Order

bibo Zerg 

Build Orders: Hatch First, Swarm Host 

Get SALT Encoding   

  12  0:01  Drone  
  13  0:11  Drone  
  14  0:19  Overlord  
  14  0:38  Drone x3  
  17  0:49  Drone  
  18  1:00  Hatchery  
  17  1:13  Spawning Pool  
  17  1:16  Drone, Extractor  
  16  1:18  Drone  
  17  1:34  Drone x2  
  19  1:46  Overlord  
  19  2:02  Drone  
  20  2:12  Queen x2  
  20  2:13  Drone  
  20  2:14  Drone  
  26  2:23  Drone x2  
  28  2:32  Overlord  
  28  2:39  Extractor  
  27  2:46  Roach Warren  
  26  3:04  Queen  
  28  3:06  Lair  
  28  3:10  Drone x6  
  34  3:28  Drone  
  34  3:29  Drone x4  
  34  3:32  Metabolic Boost  
  39  3:37  Evolution Chamber  
  39  3:39  Evolution Chamber  
  39  3:41  Drone x2  
  39  3:57  Overlord, Roach x2  
  39  3:58  Overlord  
  43  4:11  Infestation Pit  
  43  4:13  Glial Reconstitution  
  43  4:16  Roach x2  
  48  4:17  Roach  
  48  4:20  Drone x3  
  51  4:30  Extractor  
  50  4:33  Extractor  
  51  4:45  Ravager x2  
  51  4:46  Hatchery  
  50  4:56  Overlord  
  50  4:57  Overlord  
  50  5:01  Infestor  
  52  5:11  Drone x2  
  52  5:12  Drone x6  
  52  5:13  Overlord x2  
  60  5:36  Drone  
  60  5:37  Drone x9  
  60  5:40  Overlord  
  70  5:49  Roach x2  
  64  6:30  Roach  
  64  6:31  Roach x10  
  68  7:28  Infestor x2  
  68  7:29  Infestor x3  
  78  7:45  Roach  
  78  7:46  Roach x12  
  78  7:48  Ravager x2  
  92  8:37  Zerg Missile Weapons Level 1  
  92  8:38  Zerg Ground Armor Level 1  
  86  9:21  Hydralisk Den, Swarm Host x2  
  86  9:22  Swarm Host x5  
  106  9:25  Overlord x3  
  106  9:27  Tunneling Claws  
  106  9:30  Burrow  
  106  9:32  Hatchery  
  105  9:38  Extractor, Queen  
  105  9:40  Overlord x2  
  105  9:41  Extractor  
  105  9:52  Hatchery  
  104  9:56  Spore Crawler  
  104  9:57  Spore Crawler  
  102  10:00  Spore Crawler  
  102  10:01  Spore Crawler  
  102  10:03  Spore Crawler x2  
  102  10:04  Spine Crawler  
  97  10:22  Lurker Den  
  97  10:25  Drone  
  97  10:26  Drone x13, Overlord x2  
  97  10:27  Overlord  
  111  10:41  Queen  
  113  10:51  Hatchery  
  112  10:58  Spine Crawler, Swarm Host x6  
  112  10:59  Overlord, Swarm Host  
  112  11:00  Overlord x2  
  112  11:02  Zergling x12  
  112  11:03  Zergling x2  
  139  11:31  Drone  
  139  11:32  Drone x8  
  148  11:36  Spore Crawler  
  148  11:37  Spore Crawler  
  148  11:39  Spore Crawler  
  145  11:42  Spore Crawler  
  144  11:50  Spine Crawler  
  144  11:51  Spine Crawler  
  142  12:10  Drone x11  
  106  12:40  Hydralisk x6  
  106  12:41  Hydralisk x5  
Tags
 
Add a new tag
Caveats
  • Supply blocks, unpowered buildings, or Contaminate may cause inaccurate times.
  • Supply counts are checked every 10 seconds.